Map: Eternal Empire LE

Players

antagomiR

  • Race: Protoss Protoss
  • League: Gold
  • Spawn Location: 7:00

matachinos - Winner!

  • Race: Zerg Zerg
  • League: Gold
  • Spawn Location: 1:00

VOD

Have the link to the VOD?

Description

Time

  • Played on: April 5, 2020, 4:43 p.m.
  • Length: 10:00
Show
View Real Time Build Order
Export as new Build Order

antagomiR Protoss 

Build Orders:  

Get SALT Encoding   

  12  0:01  Probe  
  13  0:13  Probe  
  14  0:25  Pylon  
  14  0:28  Probe  
  15  0:43  Probe  
  15  0:44  Gateway  
  16  0:55  Probe  
  17  1:02  Assimilator  
  17  1:07  Probe, Assimilator  
  18  1:27  Pylon  
  18  1:38  Cybernetics Core  
  18  1:41  Probe  
  19  1:53  Probe, Pylon  
  20  2:05  Probe  
  21  2:17  Robotics Facility  
  21  2:20  Warp Gate (Chrono Boost)  
  21  2:24  Adept  
  23  2:40  Nexus  
  23  2:46  Probe  
  24  2:54  Stalker  
  26  2:58  Probe  
  27  3:06  Pylon  
  27  3:09  Observer  
  27  3:10  Probe  
  29  3:26  Gateway  
  29  3:30  Probe, Observer  
  31  3:41  Gateway  
  31  3:42  Probe  
  31  3:46  Sentry  
  34  3:54  Probe  
  35  4:06  Probe  
  36  4:10  Probe  
  37  4:18  Probe, Twilight Council  
  37  4:22  Probe  
  37  4:23  Forge  
  39  4:28  Sentry  
  39  4:30  Probe  
  42  4:34  Probe  
  42  4:36  Shield Battery  
  43  4:41  Assimilator  
  43  4:43  Sentry  
  45  5:06  Probe x2  
  47  5:08  Immortal  
  51  5:16  Protoss Ground Weapons Level 1 (Chrono Boost)  
  51  5:18  Probe x2  
  53  5:21  Charge (Chrono Boost)  
  53  5:30  Probe  
  53  5:32  Pylon  
  53  5:34  Assimilator  
  54  5:47  Nexus  
  54  5:50  Pylon  
  54  5:51  Pylon  
  54  5:59  Stalker  
  54  6:00  Zealot x2  
  60  6:10  Gateway  
  60  6:11  Gateway  
  60  6:19  Shield Battery  
  60  6:22  Shield Battery  
  60  6:24  Photon Cannon  
  60  6:26  Photon Cannon  
  60  6:32  Photon Cannon  
  60  6:34  Assimilator  
  60  6:37  Stalker  
  60  6:39  Stalker  
  64  6:44  Templar Archives  
  64  6:53  Phoenix  
  64  6:55  Zealot  
  66  7:06  Gateway  
  66  7:09  Gateway  
  66  7:11  Pylon  
  66  7:13  Immortal  
  70  7:16  Pylon  
  70  7:21  Probe  
  70  7:22  Probe x2  
  73  7:34  Probe x2  
  75  7:38  Gateway  
  75  7:39  Gateway  
  75  7:40  Gateway  
  74  7:59  Warp Prism  
  76  8:09  Zealot x2  
  76  8:10  Zealot x2  
  76  8:12  High Templar  
  86  8:14  Probe x2  
  88  8:23  Pylon  
  88  8:28  Zealot  
  88  8:29  High Templar  
  88  8:30  High Templar  
  88  8:31  High Templar x2  
  98  8:42  Assimilator  
  91  9:03  Zealot x2  
  91  9:04  Zealot x2  
  91  9:05  Zealot  
  91  9:06  Zealot x2  
  99  9:13  Zealot  
  99  9:14  Zealot x2  
  87  9:22  Archon  
  87  9:23  Archon  
  70  9:30  Zealot x3  
  70  9:31  Zealot  
  70  9:43  Zealot  
  70  9:44  Zealot x2  
  58  9:49  Zealot  
Show
View Real Time Build Order
Export as new Build Order

matachinos Zerg - Winner!

Build Orders: Hatch First 

Get SALT Encoding   

  12  0:01  Drone  
  13  0:15  Overlord  
  13  0:17  Drone  
  14  0:33  Drone x2  
  16  0:50  Hatchery  
  16  0:56  Drone  
  16  0:58  Drone  
  16  1:00  Drone  
  18  1:06  Extractor  
  17  1:19  Spawning Pool  
  16  1:26  Drone x2  
  18  1:38  Drone  
  19  1:47  Overlord  
  19  2:07  Queen x2  
  23  2:09  Zergling x4, Drone  
  26  2:16  Drone x2  
  28  2:25  Drone x2  
  28  2:29  Metabolic Boost  
  30  2:42  Drone x2  
  32  2:49  Queen  
  32  2:50  Zergling x2  
  35  3:13  Overlord  
  35  3:14  Overlord  
  35  3:20  Queen  
  35  3:21  Hatchery  
  36  3:32  Drone x4  
  36  3:33  Drone  
  41  3:42  Drone x3  
  44  4:07  Drone  
  44  4:08  Drone x7  
  52  4:11  Overlord x2  
  52  4:29  Drone x6  
  52  4:30  Drone  
  59  4:44  Extractor  
  59  4:45  Extractor  
  57  4:54  Extractor  
  57  4:55  Lair  
  57  4:59  Extractor  
  55  5:12  Drone x5  
  55  5:13  Drone x7  
  67  5:35  Drone  
  67  5:36  Drone x6  
  74  5:53  Roach Warren  
  73  6:17  Hatchery  
  72  6:36  Roach  
  72  6:38  Overlord x11  
  74  6:45  Glial Reconstitution  
  74  6:51  Infestation Pit  
  73  6:54  Evolution Chamber  
  72  7:04  Roach x12  
  72  7:05  Roach x12  
  120  7:22  Zerg Missile Weapons Level 1  
  120  7:27  Overseer  
  120  7:31  Roach  
  120  7:32  Roach x12  
  146  7:56  Ravager x14  
  160  8:00  Roach  
  160  8:01  Roach x3  
  160  8:03  Overlord x4  
  168  8:28  Roach x5  
  168  8:29  Roach x11  
  178  9:15  Roach x6  
  178  9:16  Roach x11  
Tags
 
League
GoldGold
Matchup
PvZ
Replay Pack
20200422
Spawn Locations
Cross Positions
Add a new tag
Caveats
  • Supply blocks, unpowered buildings, or Contaminate may cause inaccurate times.
  • Supply counts are checked every 10 seconds.